Map: Orbital Shipyard

Players

Miltreta - Winner!

  • Race: Zerg Zerg

A.I. 1 (Easy)

  • Race: Zerg Zerg

VOD

Have the link to the VOD?

Description

Time

  • Played on: March 2, 2016, 11:37 a.m.
  • Length: 10:15
Show
View Real Time Build Order
Export as new Build Order

Miltreta Zerg - Winner!

Build Orders: Pool Only 

Get SALT Encoding   

  12  0:11  Drone  
  12  0:12  Drone  
  14  0:17  Overlord  
  14  0:44  Drone x2  
  16  0:50  Spawning Pool  
  15  1:01  Drone x2  
  17  1:05  Extractor  
  16  1:13  Overlord  
  16  1:36  Drone x2  
  18  1:44  Zergling x2  
  18  1:45  Queen  
  21  1:54  Drone  
  22  2:08  Zergling x2  
  22  2:11  Zergling x2  
  24  2:31  Zergling x2  
  24  2:34  Zergling x2  
  26  2:44  Drone  
  27  2:56  Roach Warren  
  26  3:02  Spine Crawler  
  25  3:06  Zergling x8  
  29  3:41  Roach  
  29  3:43  Overlord x2  
  29  4:02  Roach x2, Drone  
  34  4:11  Ravager  
  35  4:17  Metabolic Boost  
  35  4:35  Evolution Chamber  
  34  4:40  Drone x2  
  34  4:41  Extractor  
  35  4:49  Zergling x6  
  38  4:56  Lair  
  38  5:03  Zerg Melee Weapons Level 1  
  38  5:11  Drone  
  38  5:12  Drone  
  40  5:20  Drone  
  41  5:30  Roach x2  
  41  5:33  Overlord x2  
  43  6:15  Roach x2  
  43  6:16  Roach  
  41  7:03  Zergling x6  
  41  7:04  Zergling x4  
  38  8:07  Zergling x4  
  38  8:08  Zergling x2  
  36  8:32  Ravager x3  
  39  9:02  Roach x4  
  49  9:03  Roach x2  
Show
View Real Time Build Order
Export as new Build Order

A.I. 1 (Easy) Zerg 

Build Orders: Pool First 

Get SALT Encoding   

  12  0:00  Drone  
  13  0:12  Overlord  
  13  0:17  Drone  
  14  0:30  Drone  
  14  0:34  Drone  
  16  0:43  Spawning Pool  
  16  0:45  Extractor  
  16  0:46  Drone  
  15  0:51  Drone  
  16  0:58  Overlord  
  16  1:31  Queen, Zergling x2  
  19  1:33  Roach Warren  
  19  1:35  Extractor  
  19  1:36  Drone  
  18  1:41  Drone  
  18  1:42  Zergling x2  
  20  1:54  Drone  
  21  2:03  Overlord  
  21  2:14  Drone  
  22  2:24  Drone  
  23  2:35  Drone  
  24  2:37  Roach  
  24  2:40  Drone  
  28  2:44  Drone  
  28  3:03  Roach, Ravager  
  31  5:13  Lair, Drone  
  31  5:14  Roach, Overlord  
  34  5:19  Hatchery  
  34  5:20  Drone  
  34  5:32  Drone  
  34  5:33  Overlord  
  35  5:36  Drone  
  35  5:40  Drone  
  37  5:57  Zergling x2  
  31  6:10  Overseer  
  31  6:11  Overseer  
  31  6:13  Hydralisk Den  
  31  6:16  Roach  
  31  6:31  Zergling x2  
  31  6:32  Drone  
  31  6:37  Drone  
  31  6:38  Queen  
  32  6:41  Extractor, Drone  
  32  6:43  Extractor  
  32  6:45  Roach  
  32  6:46  Drone  
  31  6:50  Drone  
  31  6:54  Drone  
  31  6:59  Roach, Drone  
  33  7:03  Drone  
  33  7:07  Drone  
  33  7:12  Drone  
  33  7:14  Zergling x2  
  33  7:16  Drone  
  33  7:21  Drone  
  35  7:26  Drone  
  35  7:28  Roach  
  38  7:35  Drone  
  39  7:42  Drone  
  39  7:43  Spawning Pool  
  37  7:47  Drone  
  37  7:48  Roach  
  40  7:51  Drone  
  40  7:55  Drone  
  39  8:00  Drone  
  39  8:04  Drone  
  41  8:08  Drone  
  42  8:13  Drone  
  42  8:16  Overlord  
  42  8:17  Drone  
  43  8:21  Drone  
  43  8:26  Drone  
  42  8:32  Lair  
  42  8:33  Zergling x2  
  42  8:34  Drone  
  41  8:47  Zergling x2  
  40  8:51  Drone  
  40  8:55  Drone  
  40  8:59  Drone  
  40  9:01  Zergling x2  
  42  9:18  Drone  
  42  9:23  Drone  
  36  9:35  Hatchery  
  29  9:40  Overseer  
  26  9:47  Extractor  
Tags
 
Add a new tag
Caveats
  • Supply blocks, unpowered buildings, or Contaminate may cause inaccurate times.
  • Supply counts are checked every 10 seconds.